 Dungeon Crawl Stone Soup version 0.26.1-11-gd32895ea62 (webtiles) character file.

Game seed: 18200962092512942570

336 Zeld the Cudgeller (level 6, -2/51 HPs)
             Began as a Draconian Gladiator on June 12, 2021.
             Slain by an ogre
             ... wielding a +0 giant club
              (24 damage)
             ... on level 3 of the Dungeon.
             The game lasted 00:03:17 (3643 turns).

Zeld the Cudgeller (Draconian Gladiator)            Turns: 3643, Time: 00:03:18

Health: -2/51      AC:  7    Str: 19    XL:     6   Next: 28%
Magic:  6/6        EV: 13    Int:  8    God:
Gold:   338        SH:  0    Dex: 12    Spells: 5/5 levels left

rFire    . . .     SeeInvis .   a - +0 flail
rCold    . . .     Faith    .   (no shield)
rNeg     . . .     Spirit   .   (armour unavailable)
rPois    .         Reflect  .   b - +0 hat
rElec    .         Harm     .   (no cloak)
rCorr    .         Rampage  .   (no gloves)
Will     .....                  h - +0 pair of boots
Stlth    +.........             (no amulet)
HPRegen  0.17/turn              (no ring)
MPRegen  0.10/turn              (no ring)

@: lethally poisoned (-2 -> -3)
A: unfitting armour, cold-blooded, AC +6
a: no special abilities


You were on level 3 of the Dungeon.
You visited 1 branch of the dungeon, and saw 4 of its levels.

You collected 338 gold pieces.

Inventory:

Hand Weapons
 a - a +0 flail (weapon)
Missiles
 c - a throwing net (quivered)
 d - 199 stones
 t - 14 poisoned darts
 u - 5 silver boomerangs
Armour
 b - a +0 hat (worn)
 h - a +0 pair of boots (worn)
Jewellery
 e - an uncursed ring of stealth {unknown}
 x - a +6 ring of intelligence {unknown}
Wands
 l - a wand of iceblast (8)
Scrolls
 f - 2 scrolls of fear {unknown}
 g - 3 scrolls of remove curse {unknown}
 i - 6 scrolls of identify {unknown}
 j - 2 scrolls of teleportation {unknown}
 k - 2 scrolls of noise {unknown}
 n - 2 scrolls of random uselessness {unknown}
 p - 2 scrolls of enchant armour {unknown}
 r - a scroll of fog {unknown}
 s - 2 scrolls of immolation {unknown}
Potions
 m - a potion of might {unknown}
 o - 2 potions of haste
 q - 2 potions of lignification {unknown}
 v - a potion of attraction {unknown}
 w - a potion of heal wounds {unknown}


   Skills:
 + Level 3.5 Fighting
 * Level 4.8 Maces & Flails
 * Level 3.7 Throwing
 + Level 3.5 Dodging


You had 5 spell levels left.
You didn't know any spells.
Your spell library was empty.

Dungeon Overview and Level Annotations

Branches:
Dungeon (4/15)
 Temple: D:4-7

Altars:

Shops:
D:4 }


Innate Abilities, Weirdness & Mutations

Your plain brown scales are hard. (AC +6)
You cannot fit into any form of body armour.
You are cold-blooded and may be slowed by cold attacks.


Message History

The hound bites you but does no damage. The hound misses you.
There is a stone staircase leading up here.
You sock the hound!
You kill the hound!
The adder bites you but does no damage. The adder closely misses you.
The ogre hits you with a +0 giant club!!
You climb upwards.
There is a stone staircase leading down here.
You closely miss the adder. The adder bites you. The ogre closely misses you.
The adder closely misses you.
You barely miss the adder. The adder bites you.
You are poisoned.
The adder poisons you!
You sock the adder!
You kill the adder!
You feel sick.
The ogre hits you with a +0 giant club!!
You die...

#.####################.########
#.# #...................... #.#
#.####.#######.######## #.# #.#
#.#######.# ### #.# #.#
#.#.......# ##<. #.#
#.####.#.######### #... #.#
#....#.#.# #.....# #..<
#.##########.#O#.###.....###)[.
#..........#.#@†...............
##########.#.###.###.....#####.
##########.#.# #.###.....# #.
#..........#.###........)# #.
#.####..............####.# #.
#.# #.####.........# #.# #. #.#
#.# #.........# #.# #. #.# #.#
#.........# #.# #. #.# #.#
#.........# #.# #.


You could see an ogre.

Vanquished Creatures
  An ogre (D:3)
  A sky beast (D:2)
  A hound (D:4)
  5 adders
  An ooze (D:2)
  A worm (D:2)
  3 dart slugs
  6 orcs (D:3)
  2 ball pythons (D:2)
  9 bats
  4 giant cockroaches (D:2)
  8 goblins
  4 hobgoblins
  3 jackals (D:1)
  3 quokkas (D:2)
  2 frilled lizards
  8 kobolds
  13 rats
75 creatures vanquished.

Vanquished Creatures (others)
  5 toadstools (D:3)
5 creatures vanquished.

Grand Total: 80 creatures vanquished

Notes
Turn   | Place    | Note
-------+----------+-------------------------------------------
     0 | D:1      | Zeld the Draconian Gladiator began the quest for the Orb.
     0 | D:1      | Reached XP level 1. HP: 17/17 MP: 1/1
   160 | D:1      | Reached XP level 2. HP: 18/25 MP: 2/2
   886 | D:2      | Noticed a sky beast
   908 | D:2      | Killed a sky beast
   909 | D:2      | Reached skill level 4 in Maces & Flails
   909 | D:2      | Reached XP level 3. HP: 4/31 MP: 3/3
   909 | D:2      | Reached XP level 4. HP: 5/38 MP: 4/4
  1567 | D:2      | Reached XP level 5. HP: 33/45 MP: 5/5
  2905 | D:3      | Noticed an ogre
  2933 | D:3      | Killed an ogre
  2934 | D:3      | Reached XP level 6. HP: 51/51 MP: 6/6
  3615 | D:4      | Found Ygofan Daty's Gadget Emporium.
  3643 | D:3      | Slain by an ogre

Illustrated notes

Levels and vault maps discovered:
D:1:      zaba_arrival_water, layout_basic
D:2:      layout_basic, chequers_serial_rivers_micro_a,
          minmay_fractal_squares_gapless_5
D:3:      layout_basic, minmay_gold_behind_fungi, minmay_between
D:4:      layout_cave_pools, nicolae_dithmenos_the_darkroom, marbit_many_paths,
          kennysheep_mini_moat, serial_shops, nicolae_shop_window_shopping,
          nicolae_shop_statue_plus, minmay_starry_boxes, uniq_edmund

Skill      XL: |  1  2 |
---------------+-------+-----
Throwing       | 2 3 |  3.7
Fighting       | 3 |  3.5
Maces & Flails | 4 |  4.8
Dodging        | 3 |  3.5

Action                   |  1- 3 |  4- 6 || total
-------------------------+-------+-------++-------
Melee: Flail             |    64 |   152 ||   216
       Tailslap          |     6 |    13 ||    19
Throw: Throwing net      |     3 |     2 ||     5
 Stab: Held in net/web   |       |     1 ||     1
Armor: Skin              |    22 |    58 ||    80
Dodge: Dodged            |    60 |   152 ||   212
